 Dungeon Crawl Stone Soup version 0.32-a0-361-g289a535e89 (webtiles) character file.

Game seed: 13073346490754297161

629 PriceMaster the Magician (level 7, -2/32 HPs)
             Began as a Spriggan Conjurer on Feb 19, 2024.
             Was a Follower of Vehumet.
             Slain by Pikel
             ... wielding a +2 whip of freezing
              (3 damage)
             ... on level 5 of the Dungeon.
             The game lasted 00:07:24 (4596 turns).

PriceMaster the Magician (Spriggan Conjurer)        Turns: 4596, Time: 00:07:25

Health: -2/32      AC:  7    Str:  2 (3)  XL:     7   Next: 23%
Magic:  7/26       EV: 17    Int: 21 (22) God:    Vehumet [*.....]
Gold:   146        SH:  0    Dex: 12 (13) Spells: 9/18 levels left

rFire   + . .        d - +0 whip
rCold   x . .        (no shield)
rNeg    . . .        a - +0 robe
rPois   .            (helmet restricted)
rElec   .            (no cloak)
rCorr   .            (gloves unavailable)
SInv    +            (boots unavailable)
Will    +....        (no amulet)
Stlth   ++           g - ring of magical power
HPRegen 0.25/turn    h - ring of fire
MPRegen 0.20/turn

%: no passive effects
@: mighty, ice-armoured, fugue, studying Fighting, very quick
A: very small, no large weapons, unfitting armour, see invisible, speed 3
a: Renounce Religion


You were on level 5 of the Dungeon.
You worshipped Vehumet.
Vehumet was aware of your devotion.
You visited 1 branch of the dungeon, and saw 5 of its levels.

You collected 146 gold pieces.

Inventory:

Hand Weapons
 d - a +0 whip (weapon)
Armour
 a - a +0 robe (worn)
Jewellery
 g - a ring of magical power (left hand)
 h - a ring of fire (right hand)
 k - a +6 ring of dexterity
Scrolls
 e - a scroll of immolation {unknown}
 i - a scroll of vulnerability {unknown}
 j - a scroll of teleportation {unknown}
 l - a scroll of revelation {unknown}
 m - a scroll of fog {unknown}
 n - a scroll of identify {unknown}
Potions
 b - a potion of magic
 f - 3 potions of degeneration


   Skills:
 + Level 0.3 Fighting
 + Level 1.1 Maces & Flails
 + Level 3.8 Dodging
 + Level 3.8 Stealth
 + Level 0.2 Unarmed Combat
 + Level 6.0 Spellcasting
 + Level 4.6 Conjurations
 + Level 1.2 Necromancy
 + Level 1.2 Ice Magic


You had 9 spell levels left.
You knew the following spells:

 Your Spells              Type           Power      Damage    Failure   Level
a - Magic Dart            Conj           100%       1d8       1%          1
b - Searing Ray           Conj           50%        2d6       2%          2
c - Ozocubu's Armour      Ice            11%        N/A       19%         3
d - Fugue of the Fallen   Necr           11%        N/A       17%         3

Your spell library contained the following spells:

 Spells                   Type           Power      Damage    Failure   Level
 Foxfire                  Conj/Fire      96%        2x1d8     3%          1
 Tukima's Dance           Hex            6%         N/A       28%         3
 Fulminant Prism          Conj/Alch      8%         3d7       36%         4
 Iskenderun's Mystic Bla  Conj/Tloc      16%        2d5       36%         4
 Manifold Assault         Tloc           6%         N/A       67%         4
 Passage of Golubria      Tloc           6%         N/A       67%         4
 Yara's Violent Unravell  Hex/Alch       3%         3d4       95%         5


Dungeon Overview and Level Annotations

Branches:
Dungeon (5/15)             Temple (0/1) D:5

Altars:
Elyvilon
Gozag
Vehumet

Annotations:
D:5 Pikel


Innate Abilities, Weirdness & Mutations

You are very small and have problems with some larger weapons.
You are too small for most types of armour.
You have supernaturally acute eyesight. (SInv)
You cover ground extremely quickly. (Speed+++)


Message History

Press: ? - help, Shift-Dir - straight line, f - lemure, p - Pikel
Aim: a lemure (74% to hit)
The searing ray hits the lemure.
The lemure is almost dead.
The searing ray hits the lemure.
The lemure is lightly wounded. (Press . to maintain the ray.) Pikel misses you.
The lemure closely misses you.
The searing ray hits Pikel!
Pikel is severely wounded.
The searing ray hits the lemure.
The lemure is moderately wounded.
Pikel misses you. The lemure misses you. The lemure hits you.
Casting: Searing Ray (safe; 1% risk of failure)
Confirm with . or Enter, or press ? or * to list all spells.
Restarting spell: Searing Ray (safe; 1% risk of failure)
Press: ? - help, Shift-Dir - straight line, f - lemure, p - lemure
Aim: a lemure (74% to hit)
The searing ray hits the lemure!
You kill the lemure!
That felt strangely unrewarding.
The searing ray hits the lemure!
The lemure is moderately wounded. (Press . to maintain the ray.)
The lemure hits you.
Pikel hits you with a +2 whip of freezing.
* * * LOW HITPOINT WARNING * * *
Pikel freezes you.
* * * LOW HITPOINT WARNING * * *
It was a potion of might.
You feel very mighty all of a sudden. Pikel misses you. The lemure hits you!
* * * LOW HITPOINT WARNING * * *
The lemure completely misses you.
It was a potion of degeneration.
There was something very wrong with that liquid.
You feel weakened.
You feel dopey.
You feel clumsy. The lemure completely misses you.
Pikel hits you with a +2 whip of freezing.
You die...
Pikel says, "See you in Hell!"

.. . #. ###.## #.....
#..... #....5######
#...5K@....##
#....5####..#
#.....#...#.#
#.......#...#
###..#.###..##
#...##..###...##
#..##...##..#..#
#######.##....##...#.#
#.......###.>..#.....#


You could see Pikel and 3 lemures.

Vanquished Creatures
  An ogre (D:4)
  A centaur (D:5)
  A lemure (D:5)
  A phantom (D:3)
  A bullfrog (D:4)
  An iguana (D:4)
  3 orc wizards
  6 adders
  3 dart slugs
  6 orcs
  10 ball pythons
  6 bats
  9 endoplasms
  4 giant cockroaches
  3 goblins
  12 hobgoblins
  3 jackals
  9 kobolds
  6 quokkas
  6 frilled lizards
  3 rats
95 creatures vanquished.

Notes
Turn   | Place    | Note
-------+----------+-------------------------------------------
     0 | D:1      | PriceMaster the Spriggan Conjurer began the quest for the
                  | Orb.
     0 | D:1      | Reached XP level 1. HP: 9/9 MP: 5/5
   128 | D:1      | Reached XP level 2. HP: 12/13 MP: 0/6
   137 | D:1      | Learned a level 2 spell: Searing Ray
   297 | D:1      | Reached skill level 3 in Spellcasting
   422 | D:1      | Reached XP level 3. HP: 16/16 MP: 6/8
   426 | D:1      | Learned a level 3 spell: Ozocubu's Armour
  1371 | D:2      | Reached XP level 4. HP: 21/21 MP: 9/9
  2344 | D:3      | Found a white marble altar of Elyvilon.
  2356 | D:3      | Found a radiant altar of Vehumet.
  2380 | D:3      | Reached XP level 5. HP: 24/24 MP: 3/11
  2554 | D:3      | Became a worshipper of Vehumet
  2558 | D:3      | Noticed a phantom
  2575 | D:3      | Killed a phantom
  2576 | D:3      | Reached skill level 4 in Spellcasting
  3473 | D:4      | Learned a level 3 spell: Fugue of the Fallen
  3598 | D:4      | Reached XP level 6. HP: 28/28 MP: 13/13
  3669 | D:4      | Reached skill level 5 in Spellcasting
  4012 | D:4      | Reached skill level 1 in Ice Magic
  4021 | D:4      | Reached * piety under Vehumet
  4021 | D:4      | Offered knowledge of Foxfire by Vehumet.
  4022 | D:4      | Reached skill level 1 in Necromancy
  4237 | D:4      | Reached XP level 7. HP: 32/32 MP: 16/16
  4360 | D:4      | Found an opulent altar of Gozag.
  4393 | D:5      | Entered Level 5 of the Dungeon
  4430 | D:5      | Reached skill level 1 in Maces & Flails
  4462 | D:5      | Reached skill level 6 in Spellcasting
  4546 | D:5      | Found a staircase to the Ecumenical Temple.
  4581 | D:5      | Noticed Pikel
  4595 | D:5      | HP: 1/32 [lemure[Pikel] (7)]
  4596 | D:5      | Slain by Pikel

Illustrated notes

Levels and vault maps discovered:
D:1:      minmay_arrival_wavy_path, layout_loops_cross, hangedman_decor_points
D:2:      layout_basic
D:3:      cheibrodos_old_hovel, layout_basic, mainiacjoe_overflow_24_doors,
          overflow_temple_1_default
D:4:      layout_basic, kennysheep_little_box, st_stairs_4, minmay_manual_moon
D:5:      layout_basic, old_standard_altar, minmay_temple_entry_wispy,
          nicolae_letterblocks [nicolae_letter_subblock,
          nicolae_letter_subblock, nicolae_letter_subblock,
          nicolae_letter_subblock, nicolae_letter_subblock,
          nicolae_letter_subblock, nicolae_letter_subblock,
          nicolae_letter_subblock, nicolae_letter_subblock,
          nicolae_letter_subblock, nicolae_letter_subblock,
          nicolae_letter_subblock, nicolae_letter_subblock,
          nicolae_letter_subblock, nicolae_letter_subblock,
          nicolae_letter_subblock, nicolae_letter_subblock,
          nicolae_letter_subblock, nicolae_letter_subblock,
          nicolae_letter_subblock, nicolae_letter_subblock,
          nicolae_letter_subblock, nicolae_letter_subblock,
          nicolae_letter_subblock, nicolae_letter_subblock], uniq_pikel

Skill      XL: |  1  2  3  4  5  6  7 |
---------------+----------------------+-----
Conjurations   | 3 4 |  4.6
Spellcasting   | 3 4 5 6 |  6.0
Dodging        | 3 |  3.8
Ice Magic      | 1 |  1.2
Necromancy     | 1 |  1.2
Maces & Flails | 1 |  1.1
Fighting       | |  0.3
Stealth        | |  3.8
Unarmed Combat | |  0.2

Action                     |  1- 3 |  4- 6 |  7- 9 || total
---------------------------+-------+-------+-------++-------
  Melee: Unarmed           |     5 |       |       ||     5
         Whip              |    10 |    34 |     6 ||    50
   Cast: Magic Dart        |    58 |    89 |    13 ||   160
         Searing Ray       |     5 |    14 |     6 ||    25
         Ozocubu's Armour  |     1 |     7 |     3 ||    11
         Fugue of the Fall |       |     5 |     2 ||     7
    Use: Potion            |       |       |     2 ||     2
 Armour: Robe              |     4 |    30 |    18 ||    52
  Dodge: Dodged            |    18 |    42 |    26 ||    86

Table legend: (Time is in decaauts)
 A = Elapsed time spent in this place.
 B = Non-inter-level travel time spent in this place.
 C = Inter-level travel time spent in this place.
 D = Time resting spent in this place.
 E = Time spent auto-exploring this place.
 F = Levels seen in this place.
 G = Mean time per level.
                   A        B        C        D        E       F      G
               +--------+--------+--------+--------+--------+-----+--------+
         Total |   3586 |   3515 |     71 |    264 |   2838 |   5 |  717.2 |
       Dungeon |   3586 |   3515 |     71 |    264 |   2838 |   5 |  717.2 |
               +--------+--------+--------+--------+--------+-----+--------+

Top non-repeatable levels by time:
     D:1: 970 daAuts
     D:3: 919 daAuts
     D:4: 805 daAuts
     D:2: 708 daAuts
     D:5: 182 daAuts
